 Dungeon Crawl Stone Soup version 0.29-a0-330-g52719c12eb (webtiles) character file.

Game seed: 65431942111128979

1535028 Aelig the Warrior (level 25, 205/205 HPs)
             Began as a Demigod Conjurer on May 9, 2022.
             Escaped with the Orb
             ... and 3 runes on May 11, 2022!
             The game lasted 09:21:09 (83938 turns).

Aelig the Warrior (Demigod Conjurer)               Turns: 83938, Time: 09:21:10

Health: 205/205    AC: 20    Str: 12    XL:     25   Next: 30%
Magic:  51/51      EV: 11    Int: 52    God:
Gold:   2748       SH: 15    Dex: 10    Spells: 4/60 levels left

rFire   + + +      SeeInvis +   a - +10 falchion of a ziggurat {vorpal, rElec rF++ Dex-2 SInv}
rCold   + + .      Faith    .   V - +5 kite shield {rC+}
rNeg    + . .      Spirit   .   h - +5 ring mail {rN+}
rPois   +          Reflect  .   (helmet restricted)
rElec   +          Harm     .   w - scarf {rC+ rF+}
rCorr   .          Rampage  .   q - +2 pair of gloves
Will    ++++.                   K - +2 pair of boots
Stlth   +.........              M - amulet of magic regeneration
HPRegen 0.44/turn               p - ring of Xom's Attic {Wiz Fly Will+}
MPRegen 0.72/turn               J - ring "Papnaw" {rPois rF+ Will+ Str+4}

@: flying, studying Bows
A: high MP 1, forlorn, divine attributes, horns 1, frail 1, subdued magic 1,
MP-powered wands
0: Orb of Zot
}: 3/15 runes: barnacled, slimy, gossamer
a: no special abilities


You escaped.
You visited 10 branches of the dungeon, and saw 52 of its levels.

You collected 6576 gold pieces.
You spent 3828 gold pieces at shops.

Inventory:

Hand Weapons
 a - the +10 falchion of a ziggurat (weapon) {vorpal, rElec rF++ Dex-2 SInv}
   (You took it off a meliai on level 2 of the Spider Nest)

   It inflicts extra damage upon your enemies.
   Dex:       It affects your dexterity (-2).
   rF:        It greatly protects you from fire.
   rElec:     It insulates you from electricity.
   SInv:      It lets you see invisible.
Missiles
 g - 17 throwing nets
Armour
 c - the +4 dragonskin cloak
   (You took it off Tiamat on level 5 of the Realm of Zot)

   It grants the wearer a chance to resist fire, cold, poison, electricity,
   acid, and negative energy.
 h - a +5 ring mail of positive energy (worn)
 i - a +2 robe of the Archmagi
 o - the +1 helmet of Repulsion {Rampage Regen+}
   (You took it off Robin on level 2 of the Dungeon)

   Regen:     It increases your rate of health regeneration.
   Rampage:   It bestows one free step when moving towards enemies.
 q - a +2 pair of gloves (worn)
 w - a scarf of resistance (worn)
 K - a +2 pair of boots (worn)
 V - a +5 kite shield of cold resistance (worn)
Magical Staves
 b - a staff of conjuration
Jewellery
 p - the ring of Xom's Attic (left hand) {Wiz Fly Will+}
   (You bought it in a shop on level 11 of the Dungeon)

   [ring of wizardry]

   It improves your spell success rate.
   Fly:       It grants you flight.
   Will:      It increases your willpower.
 J - the ring "Papnaw" (right hand) {rPois rF+ Will+ Str+4}
   (You bought it in a shop on level 11 of the Dungeon)

   [ring of poison resistance]

   Str:       It affects your strength (+4).
   rF:        It protects you from fire.
   rPois:     It protects you from poison.
   Will:      It increases your willpower.
 M - an amulet of magic regeneration (around neck)
 T - a ring of the Octopus King {rCorr AC+1 EV+1 Str+1 Int+1 Dex+1}
   (You found it on level 2 of the Lair of Beasts)

   [ring of resist corrosion]

   AC:        It affects your AC (+1).
   EV:        It affects your evasion (+1).
   Str:       It affects your strength (+1).
   Int:       It affects your intelligence (+1).
   Dex:       It affects your dexterity (+1).
   rCorr:     It protects you from acid and corrosion.
Wands
 l - a wand of iceblast (8)
 y - a wand of flame (91)
 C - a wand of acid (5)
 D - a wand of polymorph (6)
 Z - a wand of paralysis (5)
Scrolls
 e - 8 scrolls of fear
 f - 16 scrolls of enchant weapon
 j - 8 scrolls of immolation
 n - 2 scrolls of silence
 t - 9 scrolls of fog
 u - 4 scrolls of torment
 x - 2 scrolls of enchant armour
 z - 4 scrolls of teleportation
 A - 8 scrolls of vulnerability
 H - 5 scrolls of amnesia
 I - 3 scrolls of brand weapon
 Q - 3 scrolls of holy word
Potions
 d - 6 potions of magic
 m - 7 potions of might
 r - 20 potions of curing
 s - 7 potions of lignification
 v - 14 potions of attraction
 E - 6 potions of mutation
 F - 4 potions of ambrosia
 G - 6 potions of flight
 L - 2 potions of invisibility
 N - 2 potions of berserk rage
 O - 4 potions of heal wounds
 U - a potion of cancellation
 X - 5 potions of resistance
 Y - 5 potions of brilliance


   Skills:
 + Level 19.2 Fighting
 - Level 6.0 Long Blades
 - Level 10.0 Slings
 - Level 14.0 Armour
 - Level 6.0 Dodging
 - Level 1.7 Stealth
 - Level 10.0 Shields
 - Level 18.0 Spellcasting
 - Level 18.0 Conjurations
 - Level 10.0 Hexes
 - Level 10.0 Summonings
 - Level 4.0 Necromancy
 - Level 4.0 Translocations
 - Level 11.0 Transmutations
 - Level 4.0 Fire Magic
 - Level 12.6 Air Magic
 - Level 15.0 Earth Magic
 - Level 9.0 Poison Magic
 - Level 4.0 Evocations


You had 4 spell levels left.
You knew the following spells:

 Your Spells              Type           Power      Damage    Failure   Level
a - Iron Shot             Conj/Erth      53%        9d10      1%          6
b - Yara's Violent Unrav  Hex/Tmut       44%        3d17      1%          5
c - Fulminant Prism       Conj/Hex       49%        3d21      0%          4
d - Cause Fear            Hex            43%        N/A       1%          4
e - Lehudib's Crystal Sp  Conj/Erth      53%        10d12     3%          8
f - Blink                 Tloc           100%       N/A       1%          2
g - Swiftness             Air            95%        N/A       0%          3
h - Mephitic Cloud        Conj/Pois/Air  96%        N/A       0%          3
i - Ignite Poison         Fire/Tmut/Pois 79%        N/A       1%          3
j - Eringya's Noxious Bo  Tmut/Pois      43%        N/A       1%          6
k - Irradiate             Conj/Tmut      50%        3d30      1%          5
l - Spellforged Servitor  Conj/Summ      49%        N/A       1%          7

Your spell library contained the following spells:

 Spells                   Type           Power      Damage    Failure   Level
 Magic Dart               Conj           100%       1d8       0%          1
 Shock                    Conj/Air       100%       1d9       0%          1
 Slow                     Hex            100%       N/A       0%          1
 Sting                    Tmut/Pois      100%       1d8       0%          1
 Passwall                 Tmut/Erth      80%        N/A       0%          2
 Searing Ray              Conj           100%       2d8       0%          2
 Static Discharge         Conj/Air       100%       N/A       0%          2
 Wereblood                Tmut           89%        N/A       0%          2
 Dazzling Flash           Conj/Hex       100%       N/A       0%          3
 Stone Arrow              Conj/Erth      100%       3d13      0%          3
 Animate Skeleton         Necr           100%       N/A       1%          1
 Pain                     Necr           100%       1d9       1%          1
 Ensorcelled Hibernation  Hex/Ice        100%       N/A       1%          2
 Scorch                   Fire           100%       2d10      1%          2
 Sublimation of Blood     Necr           61%        N/A       1%          2
 Call Canine Familiar     Summ           86%        N/A       1%          3
 Confusing Touch          Hex            86%        N/A       1%          3
 Inner Flame              Hex/Fire       75%        N/A       1%          3
 Ozocubu's Armour         Ice            36%        N/A       1%          3
 Portal Projectile        Hex/Tloc       100%       N/A       1%          3
 Spider Form              Tmut/Pois      86%        N/A       1%          3
 Tukima's Dance           Hex            86%        N/A       1%          3
 Vampiric Draining        Necr           61%        2d10      1%          3
 Airstrike                Air            47%        N/A       1%          4
 Animate Armour           Summ/Erth      100%       N/A       1%          4
 Animate Dead             Necr           30%        N/A       1%          4
 Dispel Undead            Necr           61%        3d21      1%          4
 Flame Wave               Conj/Fire      89%        2d15      1%          4
 Iskenderun's Mystic Bla  Conj/Tloc      89%        2d17      1%          4
 Leda's Liquefaction      Hex/Erth       47%        N/A       1%          4
 Olgreb's Toxic Radiance  Pois           82%        N/A       1%          4
 Petrify                  Tmut/Erth      96%        N/A       1%          4
 Sticky Flame             Conj/Fire      89%        2d10      1%          4
 Summon Ice Beast         Ice/Summ       66%        N/A       1%          4
 Iskenderun's Battlesphe  Conj           100%       2d15      0%          5
 Borgnjor's Vile Clutch   Necr/Erth      42%        N/A       1%          5
 Freezing Cloud           Conj/Ice/Air   43%        6-21      1%          5
 Lightning Bolt           Conj/Air       51%        1d72      1%          5
 Metabolic Englaciation   Hex/Ice        33%        N/A       1%          5
 Summon Mana Viper        Hex/Summ       86%        N/A       1%          5
 Statue Form              Tmut/Erth      64%        N/A       1%          6
 Summon Cactus Giant      Summ           43%        N/A       1%          6
 Manifold Assault         Tloc           61%        N/A       2%          5
 Storm Form               Tmut/Air       46%        N/A       2%          7
 Dragon Form              Tmut           44%        N/A       4%          7
 Enfeeble                 Hex            43%        N/A       6%          7
 Monstrous Menagerie      Summ           43%        N/A       6%          7
 Summon Hydra             Summ           43%        N/A       6%          7
 Death Channel            Necr           30%        N/A       13%         6
 Maxwell's Capacitive Co  Air            47%        ∞         17%         8
 Haunt                    Necr/Summ      37%        N/A       22%         7
 Malign Gateway           Summ/Tloc      37%        N/A       22%         7
 Simulacrum               Ice/Necr       25%        N/A       30%         6
 Discord                  Hex            43%        N/A       45%         8
 Summon Horrible Things   Summ           43%        N/A       45%         8
 Chain Lightning          Conj/Air       51%        3d68      65%         9
 Shatter                  Erth           51%        3d39*     67%         9
 Necromutation            Tmut/Necr      38%        N/A       78%         8
 Ozocubu's Refrigeration  Ice            18%        4d8       98%         7
 Ignition                 Fire           30%        3d10      99%         8
 Infestation              Necr           30%        N/A       99%         8
 Fire Storm               Conj/Fire      44%        8d11      99%         9
 Dragon's Call            Summ           43%        N/A       100%        9


Dungeon Overview and Level Annotations

Branches:
Dungeon (15/15)            Temple (0/1) D:4            Lair (6/6) D:10
 Shoals (4/4) Lair:2       Spider (4/4) Lair:4        Slime (5/5) Lair:5
    Orc (2/2) D:9             Elf (3/3) Orc:2        Vaults (4/5) D:14
  Crypt (0/3) Vaults:3     Depths (4/4) D:15            Zot (5/5) Depths:4

Shops:
D:2 !   D:8 *   D:11 =[*[   Orc:2 *(=([*!?*   Elf:1 :   Elf:2 =:=   Depths:1 !:
Depths:2 *   Depths:4 [(

Portals:
Hell: Depths:1 Depths:2 Depths:3 Depths:4
Abyss: Depths:3
Pandemonium: Depths:2 Depths:3
Ziggurat: Depths:3
Trove: Elf:1 (give 13 potions of heal wounds)

Annotations:
Shoals:3 2 transporters, Yzyom's ghost, journeyman FeBe
Spider:3 exclusion: downstairs
Elf:1 Zenata
Elf:2 3 runed translucent doors, exclusion: 7 doors
Vaults:1 exclusion: downstairs
Zot:1 2 transporters


Innate Abilities, Weirdness & Mutations

You have an increased reservoir of magic. (+10% MP)
You shall have no god before yourself.
Your divine heritage dramatically boosts your attributes as you level up.
You have a pair of small horns on your head.
You are frail. (-10% HP)
Your spells are a little easier to cast, but a little less powerful.
You expend magic power (3 MP) to strengthen your wands.


Message History

The unravelling engulfs the Executioner!
The Executioner is almost dead.
Casting: Yara's Violent Unravelling (safe; 1% risk of failure)
Confirm with . or Enter, or press ? or * to list all spells.
Aiming: Iron Shot (safe; 1% risk of failure)
Press: ? - help, Shift-Dir - straight line, f/p - Executioner
Aim: an Executioner (almost dead, misshapen and mutated, 66% to hit)
The iron shot hits the Executioner!!!
You kill the Executioner!
There is a stone staircase leading up here.
You fly upwards.
There is a stone staircase leading down here.
(D) Dungeon (T) Temple (L) Lair (A) Shoals (N) Spider Nest (M) Slime Pits (O) Orcish Mines (E) Elven Halls (V) Vaults (C) Crypt (U) Depths (H) Hell (Z) Zot
Where to? (Enter - D:1, ? - help)
What level of the Dungeon? (default 1, ? - help)
There is a stone staircase leading up here.
You fly upwards.
There is a stone staircase leading down here.
You see here a +0 dagger.
You see here a +0 club.
There is a stone staircase leading up here.
You fly upwards.
There is a stone staircase leading down here.
An Orb Guardian comes into view.
Casting: Iron Shot (safe; 1% risk of failure)
Confirm with . or Enter, or press ? or * to list all spells.
You summon a servant imbued with your destructive magic!
Your spellforged servitor gestures at the Orb Guardian while chanting.
The crystal spear hits the Orb Guardian!!!
The Orb Guardian hits your spellforged servitor!!!
Your spellforged servitor casts a spell at the Orb Guardian.
The crystal spear hits the Orb Guardian!!!
The Orb Guardian dies!
Magic restored.
You see here 5 poisoned darts.
There is a staircase leading out of the dungeon here.
You have escaped!

#........# #.#.....
#....9...# ###.......
#........### ###.........
#####...##.####.###.......
#....#'#.##...##.####.#
#.####.##'.....#.# #..
#.###...###...##.# ##.
#9##.....###'###.# #.
#.....@....+.# #.# #.
####.....###'###.#####.
##...###...##.......
##.##'.....########
#'#.##...## ##.####.## ###
###


You could see a friendly spellforged servitor (summoned).

Vanquished Creatures
  Dissolution (Slime:4)
  the Royal Jelly (Slime:5)
  4 dread liches (Zot:5)
  Tiamat (Zot:5)
  6 orbs of fire
  Mara (Vaults:2)
  A juggernaut (Depths:2)
  4 Killer Klowns
  Boris (thrice) (Vaults:2 Vaults:3 Depths:4)
  A pandemonium lord (Depths:1)
  Bai Suzhen (Vaults:3)
  Xtahua (Vaults:2)
  2 curse toes
  Nikola (Shoals:2)
  8 golden dragons
  Arachne (Spider:2)
  10 tentacled monstrosities
  Jorgrun (Elf:1)
  A titan (Depths:1)
  13 Orb Guardians (Zot:5)
  2 walking earthen tomes (Depths:3)
  2 liches
  Rupert (D:14)
  2 deep elf master archers (Elf:3)
  2 quicksilver dragons (Zot:5)
  2 deep elf blademasters (Elf:3)
  2 sphinxes (Vaults:2)
  Polyphemus (Shoals:4)
  21 acid blobs
  2 Executioners
  5 krakens
  5 death cobs
  Gastronok (Lair:2)
  Frances (D:14)
  Kirke (D:12)
  3 shadow dragons
  2 tengu reavers
  2 draconian monks
  10 storm dragons
  Roxanne (Spider:2)
  2 draconian knights
  2 iron dragons
  Ilsuiw (Shoals:3)
  6 emperor scorpions
  15 rockslimes
  6 deep elf sorcerers
  9 azure jellies
  8 vault wardens
  4 draconian scorchers
  3 fire giants
  8 ghost moths
  5 frost giants
  7 draconian shifters
  3 draconian stormcallers
  15 ironbound preservers
  A ghoul (Vaults:3)
  9 quicksilver oozes
  3 draconian annihilators
  23 very ugly things
  4 deep elf elementalists
  6 stone giants
  7 ironbound thunderhulks
  2 spriggan defenders (Depths:1)
  2 vampire knights
  7 deep elf annihilators
  Azrael (Elf:1)
  7 yellow draconians
  Nessos (D:13)
  3 deep elf demonologists
  4 entropy weavers
  2 black draconians
  4 green draconians
  10 spark wasps
  6 dire elephants
  4 red draconians
  4 white draconians
  11 purple draconians
  Snorg (D:11)
  7 fire dragons
  2 crystal guardians
  11 merfolk impalers
  10 merfolk javelineers
  6 jiangshi
  13 ettins
  6 deep elf death magi (Elf:3)
  8 deep elf high priests
  10 yaktaur captains
  14 great orbs of eyes
  11 hydras
  A vault guard (Vaults:1)
  4 rakshasas
  6 catoblepae
  3 ice dragons
  3 spriggan air magi
  3 peacekeepers
  9 boulder beetles
  5 alligator snapping turtles
  8 jorogumos
  A radroach (Spider:2)
  An ogre mage (D:14)
  3 merfolk avatars
  5 merfolk aquamancers
  11 ironbound frosthearts
  12 dancing weapons
  13 centaur warriors
  2 alligators (Shoals:2)
  7 two-headed ogres
  12 death yaks
  Urug (Lair:2)
  3 vampire magi
  2 death knights
  9 deep troll shamans
  7 deep troll earth magi
  2 tengu warriors
  5 orc high priests (Orc:2)
  2 hell knights (Depths:3)
  2 spriggans (Depths:2)
  Sonja (D:13)
  A soul eater (Depths:1)
  6 spriggan berserkers
  21 deep elf knights
  The ghost of Crownlay the Cleaver, a novice HOFi of Qazlal (D:7)
  A sun demon (Depths:3)
  Amaemon (D:11)
  Nergalle (D:12)
  2 iron trolls (Depths:2)
  73 deep trolls
  4 pharaoh ants
  3 skeletal warriors
  A goliath frog (Shoals:2)
  2 sun moths
  10 sea snakes
  2 flayed ghosts
  23 deep elf archers
  5 steelbarb worms
  2 glowing orange brains (Depths:4)
  A glowing orange brain (shapeshifter) (Elf:2)
  12 orb spiders
  15 ironbound convokers
  6 wizards
  10 harpies
  15 lindwurms
  A harpy (shapeshifter) (Depths:3)
  A necromancer (Depths:3)
  10 orc knights
  30 deep elf pyromancers
  30 deep elf zephyrmancers
  14 manticores
  11 fauns
  25 wolf spiders
  6 cyclopes
  52 ugly things
  3 shining eyes
  22 moths of wrath
  7 merfolk sirens
  8 black mambas
  4 water nymphs
  14 vault sentinels
  21 elephants
  3 eyes of devastation
  8 torpor snails
  3 orange demons
  A gargoyle (D:12)
  Maurice (D:11)
  A water nymph (shapeshifter) (Depths:1)
  A cane toad (shapeshifter) (Elf:1)
  16 cane toads
  7 demonic crawlers
  6 kobold demonologists
  2 unseen horrors
  7 komodo dragons
  6 rime drakes
  An efreet (D:14)
  3 tengu conjurers
  2 freezing wraiths
  An ice devil (Depths:3)
  23 yaktaurs
  A red devil (Depths:3)
  52 merfolk
  A tormentor (Depths:3)
  6 trolls
  4 hornets
  11 meliai
  2 polar bears
  A hornet (shapeshifter) (D:13)
  Prince Ribbit (D:8)
  11 wind drakes
  18 blink frogs
  24 tarantellas
  170 slime creatures
  14 dream sheep
  7 snapping turtles
  28 jumping spiders
  A ynoxinul (Depths:3)
  3 air elementals
  8 wraiths
  2 vampires
  69 yaks
  20 culicivoras
  4 wyverns
  4 hogs (D:12)
  7 water elementals
  8 golden eyes
  57 redbacks
  16 humans (D:14)
  3 basilisks
  5 fire elementals (Elf:1)
  A neqoxec (Depths:3)
  2 vampire mosquitoes (D:14)
  A basilisk (shapeshifter) (Elf:1)
  2 chaos spawn
  2 steam dragons (D:9)
  4 acid dragons
  A small abomination (D:9)
  A warg (Orc:2)
  3 hell hounds (Elf:1)
  22 water moccasins
  A spectral hornet (D:7)
  2 floating eyes
  2 ice beasts (D:7)
  A sky beast (D:7)
  28 orc warriors
  2 black bears
  5 ogres
  A boggart (Vaults:1)
  8 wolves
  9 centaurs
  2 phantoms
  8 kobold brigands
  14 bullfrogs
  A spectral wyvern (D:7)
  7 gnoll sergeants
  2 earth elementals
  A necrophage (D:3)
  7 scorpions
  5 wights (D:10)
  2 howler monkeys
  2 electric eels
  A spectral centaur (D:7)
  8 hounds
  A centaur skeleton (D:7)
  37 orc priests
  5 jellies
  2 gnoll shamans (D:8)
  6 iguanas
  5 hell rats (Lair:3)
  18 orc wizards
  A spectral howler monkey (D:7)
  Robin (D:2)
  33 gnolls
  5 adders
  2 shadow imps
  3 white imps
  A worm (Lair:4)
  80 orcs
  7 ball pythons
  8 endoplasms
  10 giant cockroaches
  16 goblins
  13 hobgoblins
  17 jackals
  47 kobolds
  4 quokkas
  4 bats
  2 frilled lizards (D:1)
  6 rats
  12 fulminant prisms
  7 tentacles (Shoals:1)
2225 creatures vanquished.

Vanquished Creatures (collateral kills)
  An orb of fire (Zot:5)
  Vv (Zot:1)
  2 curse toes (Zot:5)
  2 golden dragons
  A profane servitor (D:4)
  3 electric golems
  13 Orb Guardians
  8 tentacled monstrosities
  A titan (Depths:3)
  A quicksilver dragon (Zot:5)
  A walking frostbound tome (Depths:3)
  3 death cobs
  4 shadow dragons
  11 storm dragons
  3 draconian monks
  5 frost giants (Depths:3)
  2 draconian knights
  2 draconian stormcallers (Zot:1)
  A balrug (Zot:1)
  6 draconian scorchers
  A cacodemon (D:4)
  6 draconian shifters
  A very ugly thing (Depths:2)
  4 stone giants
  2 vampire knights
  8 black draconians
  9 green draconians
  3 red draconians
  A minotaur (shapeshifter) (Depths:3)
  6 purple draconians
  11 white draconians
  9 yellow draconians
  7 spark wasps
  3 ettins
  3 fire dragons
  3 jiangshi (Depths:2)
  2 ice dragons
  2 deep troll shamans
  A deep troll earth mage (Depths:2)
  2 tengu warriors
  A spriggan (Depths:2)
  2 hell knights (Depths:3)
  A sun demon (Depths:3)
  3 iron trolls
  2 deep trolls
  2 wolf spiders (Spider:3)
  A salamander (Depths:3)
  9 ugly things
  7 moths of wrath
  An orange demon (Depths:3)
  A meliai (Spider:3)
  A hornet (Depths:2)
  A culicivora (Spider:2)
  A redback (shapeshifter) (Depths:2)
  2 redbacks (Spider:3)
190 creatures vanquished.

Vanquished Creatures (others)
  A draconian knight (Zot:1)
  A draconian shifter (Zot:5)
  A draconian stormcaller (Zot:5)
  A draconian annihilator (Zot:5)
  3 purple draconians (Zot:5)
  A deep elf zephyrmancer (Elf:1)
  A moth of wrath (Zot:5)
  2 merfolk (Shoals:2)
  2 blink frogs
  2 humans (D:12)
  1272 fulminant prisms
  77 fungi
  208 plants
  104 tentacles
1676 creatures vanquished.

Grand Total: 4091 creatures vanquished

Notes
Turn   | Place    | Note
-------+----------+-------------------------------------------
     0 | D:1      | Aelig the Demigod Conjurer began the quest for the Orb.
     0 | D:1      | Reached XP level 1. HP: 14/14 MP: 5/5
   306 | D:1      | Reached XP level 2. HP: 20/20 MP: 2/7
   601 | D:1      | Noticed a great orb of eyes
   623 | D:1      | Noticed a golden eye
   634 | D:1      | Noticed a shining eye
   638 | D:1      | Noticed a golden eye
  1313 | D:2      | Learned a level 2 spell: Searing Ray
  1326 | D:2      | Reached XP level 3. HP: 21/26 MP: 3/8
  1443 | D:2      | Identified the +1 helmet of Repulsion {Rampage Regen+}
  1443 | D:2      | Noticed Robin
  1468 | D:2      | Killed Robin
  1817 | D:2      | Found Omymahiyng's Distillery.
  1858 | D:2      | Reached skill level 5 in Conjurations
  2774 | D:3      | Reached XP level 4. HP: 33/33 MP: 6/9
  2781 | D:3      | Learned a level 4 spell: Fulminant Prism
  3335 | D:3      | Noticed a necrophage
  3345 | D:3      | Killed a necrophage
  3346 | D:3      | Reached skill level 1 in Hexes
  3346 | D:3      | Reached XP level 5. HP: 30/38 MP: 2/10
  3533 | D:4      | Found a staircase to the Ecumenical Temple.
  4117 | D:4      | Noticed a water moccasin
  4183 | D:4      | Reached XP level 6. HP: 45/45 MP: 5/11
  4539 | D:4      | Killed a water moccasin
  4753 | D:5      | Entered Level 5 of the Dungeon
  5136 | D:5      | Reached XP level 7. HP: 50/50 MP: 10/13
  5668 | D:5      | Noticed a kobold demonologist
  5692 | D:5      | Noticed a ynoxinul
  5818 | D:5      | Reached skill level 5 in Hexes
  6042 | D:5      | Killed a kobold demonologist
  6043 | D:5      | Reached XP level 8. HP: 57/57 MP: 0/14
  6564 | D:5      | Learned a level 2 spell: Sublimation of Blood
  7150 | D:6      | Reached skill level 1 in Necromancy
  8495 | D:7      | Noticed a manticore
  8646 | D:7      | Found a runed translucent gate.
  8646 | D:7      | Found a runed translucent gate.
  8646 | D:7      | Found a runed translucent gate.
  9016 | D:7      | Killed a manticore
  9017 | D:7      | Reached XP level 9. HP: 54/62 MP: 3/17
  9810 | D:7      | Noticed Crownlay's ghost (novice HOFi)
  9963 | D:8      | Found Xewkiung's Assorted Antiques.
  9992 | D:8      | Bought a transparent hunting sling for 156 gold pieces
  9992 | D:8      | Identified the +5 hunting sling "Aelig's Regret" {freeze,
                  | Int+6 Stlth+} (You bought it in a shop on level 8 of the
                  | Dungeon)
  9992 | D:8      | Bought a small brass amulet for 120 gold pieces
 10024 | D:8      | Reached skill level 1 in Slings
 10489 | D:8      | Reached XP level 10. HP: 69/69 MP: 15/20
 10565 | D:8      | Noticed Prince Ribbit
 10577 | D:8      | Killed Prince Ribbit
 10578 | D:8      | Reached skill level 5 in Spellcasting
 11348 | D:9      | Reached skill level 5 in Slings
 11721 | D:9      | Reached skill level 10 in Conjurations
 12332 | D:9      | Found a staircase to the Orcish Mines.
 12573 | D:10     | Entered Level 10 of the Dungeon
 12969 | D:10     | Noticed a +0 hand axe
 12971 | D:10     | Noticed a +0 dagger
 12988 | D:10     | Reached XP level 11. HP: 74/74 MP: 16/22
 13118 | D:10     | Found a staircase to the Lair.
 13353 | D:11     | Found Xyadd's Jewellery Shoppe.
 13458 | D:11     | Found Ydaeg's Armour Shoppe.
 13490 | D:11     | Found Ladirgh's Antique Armour Shop.
 13737 | D:11     | Noticed Amaemon
 13774 | D:11     | Noticed Maurice
 13957 | D:11     | Found Entu's Serpentskin Sales.
 14078 | Lair:1   | Entered Level 1 of the Lair of Beasts
 14094 | Lair:1   | Reached skill level 1 in Air Magic
 15124 | Orc:1    | Entered Level 1 of the Orcish Mines
 15433 | Orc:2    | Entered Level 2 of the Orcish Mines
 15433 | Orc:2    | Noticed an orc knight
 15446 | Orc:1    | Killed an orc knight
 15477 | Orc:1    | Learned a level 5 spell: Lightning Bolt
 15591 | Lair:2   | Found a staircase to the Shoals.
 15629 | Lair:2   | Noticed a seven-headed hydra
 15640 | Lair:2   | Killed a seven-headed hydra
 15650 | Lair:2   | Noticed Urug
 15657 | Lair:2   | Killed Urug
 15658 | Lair:2   | Reached skill level 5 in Air Magic
 15989 | Lair:2   | Found the ring of the Octopus King
 15998 | Lair:2   | Identified a ring of the Octopus King {rCorr AC+1 EV+1
                  | Str+1 Int+1 Dex+1}
 16005 | Lair:2   | Noticed Gastronok
 16033 | Lair:2   | Killed Gastronok
 16634 | Lair:3   | Noticed a seven-headed hydra
 16792 | Lair:3   | Reached XP level 12. HP: 81/81 MP: 17/23
 16910 | Lair:3   | Killed a seven-headed hydra
 16911 | Lair:3   | Reached skill level 1 in Fighting
 17039 | Lair:3   | Reached skill level 2 in Fighting
 17175 | Lair:3   | Learned a level 2 spell: Blink
 17262 | Lair:3   | Reached skill level 3 in Fighting
 17890 | Lair:4   | Reached skill level 4 in Fighting
 17926 | Lair:4   | Found a hole to the Spider Nest.
 17980 | Lair:4   | Identified the +0 scale mail of Privacy {SInv}
 18038 | Lair:4   | Noticed an eight-headed hydra
 18050 | Lair:4   | Killed an eight-headed hydra
 18412 | Lair:4   | Reached skill level 5 in Fighting
 18526 | Lair:4   | Reached XP level 13. HP: 100/100 MP: 20/24
 18654 | Lair:4   | You fall into a shaft and drop 1 floor!
 18816 | Lair:5   | Reached skill level 6 in Fighting
 19786 | Lair:5   | Found a staircase to the Slime Pits.
 20042 | Orc:2    | Found Cileta Waqy's Antique Armour Boutique.
 20080 | Orc:2    | Found Kokleurgh's Distillery.
 20126 | Orc:2    | Found Metofil's CLEARANCE SALE!.
 20132 | Orc:2    | Bought a potion of might for 4 gold pieces
 20132 | Orc:2    | Bought a scroll of teleportation for 3 gold pieces
 20132 | Orc:2    | Bought a scroll of identify for 2 gold pieces
 20636 | Orc:2    | Found a staircase to the Elven Halls.
 20653 | Orc:2    | Reached skill level 1 in Translocations
 20789 | Orc:2    | Found Hairod's Assorted Antiques.
 20799 | Orc:2    | Reached skill level 10 in Air Magic
 21248 | Orc:2    | Bought a scroll of teleportation for 96 gold pieces
 21333 | Orc:2    | Found Cuidy's Weapon Shoppe.
 21333 | Orc:2    | Found Susaga's Jewellery Shoppe.
 21334 | Orc:2    | Found Oklos's Weapon Emporium.
 21334 | Orc:2    | Found Qakhlazo's Assorted Antiques.
 21344 | Orc:2    | Bought a scroll of blinking for 225 gold pieces
 21344 | Orc:2    | Bought a scroll of identify for 60 gold pieces
 21344 | Orc:2    | Bought a scroll of teleportation for 90 gold pieces
 21655 | Orc:2    | Found Unai's Magic Scroll Boutique.
 21739 | Orc:2    | Bought a scroll of identify for 28 gold pieces
 21739 | Orc:2    | Bought a scroll of teleportation for 42 gold pieces
 21964 | Lair:6   | Entered Level 6 of the Lair of Beasts
 22125 | Lair:6   | Reached skill level 7 in Fighting
 22190 | Lair:6   | Reached XP level 14. HP: 113/113 MP: 17/25
 22933 | Lair:6   | Reached skill level 5 in Dodging
 23161 | Lair:6   | Reached skill level 8 in Fighting
 23487 | Lair:6   | Identified the +10 spear "Xuikum" {pain, rN+ Will+}
 24106 | D:11     | Noticed Snorg
 24117 | D:11     | Killed Snorg
 24138 | D:11     | Killed Maurice
 24180 | D:11     | Killed Amaemon
 24460 | D:12     | Reached skill level 1 in Armour
 24701 | D:12     | Reached skill level 1 in Transmutations
 24891 | D:12     | Noticed Nergalle
 24915 | D:12     | Noticed Kirke
 24995 | D:12     | Killed Kirke
 25086 | D:12     | You fall into a shaft and drop 3 floors!
 25086 | D:15     | Entered Level 15 of the Dungeon
 25089 | D:15     | Found a staircase to the Depths.
 25668 | D:14     | Reached XP level 15. HP: 123/123 MP: 23/28
 25765 | D:14     | Reached skill level 5 in Armour
 25991 | D:14     | Noticed Frances
 26119 | D:13     | Noticed Sonja
 26120 | D:13     | Killed Sonja
 26121 | D:13     | Reached skill level 9 in Fighting
 26139 | D:13     | Noticed Nessos
 26560 | D:12     | Killed Nergalle
 26873 | D:7      | Killed Crownlay's ghost
 27241 | D:13     | Killed Nessos
 27256 | D:13     | Reached skill level 5 in Transmutations
 27721 | D:13     | Identified the +1 war axe of the Demagogue {vorpal, rF+ rN+
                  | Will+ Dex+2}
 27798 | D:13     | Learned a level 3 spell: Swiftness
 27992 | D:13     | Learned a level 3 spell: Mephitic Cloud
 27996 | D:13     | Learned a level 3 spell: Ignite Poison
 28180 | D:14     | Found a gate to the Vaults.
 28286 | D:14     | Noticed Rupert
 28293 | D:14     | Paralysed by Rupert for 6 turns
 28459 | D:14     | Reached skill level 1 in Fire Magic
 28459 | D:14     | Reached skill level 1 in Poison Magic
 28792 | Shoals:1 | Entered Level 1 of the Shoals
 29091 | Shoals:1 | Noticed a kraken
 29499 | Shoals:1 | Noticed a kraken
 29503 | Shoals:1 | Learned a level 4 spell: Cause Fear
 29554 | Shoals:1 | Killed a kraken
 29784 | Shoals:1 | Noticed a kraken
 29878 | Shoals:1 | Killed a kraken
 30144 | Spider:1 | Entered Level 1 of the Spider Nest
 31803 | Spider:2 | Identified the +10 falchion of a ziggurat {vorpal, rElec
                  | rF++ Dex-2 SInv}
 31820 | Spider:2 | Reached XP level 16. HP: 127/132 MP: 29/32
 31901 | Spider:2 | Identified Roxanne's Guide on Transmigration
 31901 | Spider:2 | Noticed Roxanne
 32005 | Spider:2 | Noticed Arachne
 32924 | Spider:2 | Killed Arachne
 33078 | Spider:2 | Killed Roxanne
 33644 | Spider:3 | Reached skill level 10 in Slings
 34234 | Spider:3 | Reached skill level 10 in Spellcasting
 35040 | Spider:4 | Entered Level 4 of the Spider Nest
 35204 | D:11     | Bought the ring of Xom's Attic {Wiz Fly Will+} for 536 gold
                  | pieces
 35477 | D:14     | Killed Rupert
 35529 | D:14     | Killed Frances
 36927 | Spider:3 | Learned a level 6 spell: Eringya's Noxious Bog
 37136 | D:11     | Bought the ring "Papnaw" {rPois rF+ Will+ Str+4} for 576
                  | gold pieces
 38012 | Spider:4 | Reached skill level 1 in Long Blades
 38490 | Spider:4 | Reached skill level 5 in Poison Magic
 38490 | Spider:4 | Reached XP level 17. HP: 72/137 MP: 23/37
 39534 | Spider:4 | Got a gossamer rune of Zot
 39795 | Spider:3 | Learned a level 5 spell: Irradiate
 40400 | D:11     | Bought a transparent ring mail for 351 gold pieces
 40400 | D:11     | Identified the +1 ring mail of Ygou {Will+} (You bought it
                  | in a shop on level 11 of the Dungeon)
 40618 | Orc:2    | Bought a glowing leather armour for 100 gold pieces
 40695 | Orc:2    | Bought a potion of magic for 240 gold pieces
 40695 | Orc:2    | Bought a shiny ring mail for 210 gold pieces
 40895 | Depths:1 | Entered Level 1 of the Depths
 41052 | Vaults:1 | Entered Level 1 of the Vaults
 41465 | Shoals:1 | Found a runed translucent door.
 41508 | Shoals:1 | Reached skill level 1 in Evocations
 42748 | Shoals:2 | Noticed Nikola
 43256 | Shoals:2 | Killed Nikola
 43332 | Shoals:2 | Reached skill level 5 in Long Blades
 45306 | Shoals:3 | Noticed Ilsuiw
 45467 | Shoals:3 | Found a transporter.
 45468 | Shoals:3 | Found a transporter.
 45470 | Shoals:3 | Noticed Yzyom's ghost (journeyman FeBe)
 45481 | Shoals:3 | Killed Ilsuiw
 45482 | Shoals:3 | Reached skill level 1 in Shields
 45773 | Shoals:4 | Entered Level 4 of the Shoals
 46304 | Shoals:4 | Identified the +0 scale mail of Lisaa {rC++ Str+3}
 46513 | Shoals:4 | Identified the +6 scale mail of Dogmatism {rElec Dex+3}
 46832 | Shoals:4 | Noticed Polyphemus
 46887 | Shoals:4 | Reached XP level 18. HP: 139/145 MP: 27/39
 46921 | Shoals:4 | Killed Polyphemus
 47159 | Shoals:4 | Got a barnacled rune of Zot
 47462 | Shoals:4 | Identified the +6 mace "Hydra's Death Toll" {vorpal,
                  | +Blink}
 48077 | Elf:1    | Entered Level 1 of the Elven Halls
 48099 | Elf:1    | Reached skill level 5 in Shields
 48177 | Elf:1    | Identified the +0 leather armour "Pom Hut" {+Inv Regen+
                  | rCorr}
 48359 | Elf:1    | Noticed Azrael
 48372 | Elf:1    | Killed Azrael
 48479 | Elf:1    | Noticed Jorgrun
 48494 | Elf:1    | Killed Jorgrun
 48641 | Elf:1    | Identified the +9 plate armour of the Sacrificial Victim
                  | {Int+6 SInv}
 48665 | Elf:1    | Noticed Zenata
 48880 | Elf:1    | Paralysed by an air elemental for 1 turns
 49220 | Elf:1    | Found a portal to a secret trove of treasure.
 49385 | Elf:1    | Learned a level 5 spell: Yara's Violent Unravelling
 49396 | Elf:1    | Found Pasewulo's Book Boutique.
 50118 | Elf:2    | Reached skill level 10 in Fighting
 50793 | Elf:2    | Reached skill level 10 in Hexes
 50878 | Elf:2    | Found Liehuluf's Jewellery Shoppe.
 50879 | Elf:2    | Found Xymari's Book Boutique.
 50880 | Elf:2    | Found Mooqooxt's Jewellery Shoppe.
 50928 | Elf:2    | Found a runed translucent gate.
 50929 | Elf:2    | Found a runed translucent gate.
 50929 | Elf:2    | Found a runed translucent gate.
 50976 | Elf:3    | Entered Level 3 of the Elven Halls
 51426 | Elf:3    | Paralysed by an air elemental for 1 turns
 51432 | Elf:3    | Paralysed by an air elemental for 1 turns
 51612 | Elf:3    | Reached XP level 19. HP: 156/156 MP: 16/42
 52280 | Elf:3    | Identified the ring "Coinkog" {rCorr Str+6 Dex-4 SInv
                  | Stlth+}
 52309 | Elf:3    | Reached skill level 11 in Fighting
 52309 | Elf:3    | Reached skill level 10 in Transmutations
 52648 | Elf:3    | Identified the +7 arbalest "Uticez" {freeze, rCorr Int+3}
 52650 | Elf:3    | Identified the +1 kite shield "Toan" {Str+2}
 52681 | Elf:3    | Found the ring of the Octopus King
 52691 | Elf:3    | Identified a ring of the Octopus King {Fly AC+1 EV+1 Str+1
                  | Int+1 Dex+1}
 52706 | Elf:3    | Identified the +6 short sword "Rankuwk" {protect, rN+ Str+2
                  | Stlth+}
 52709 | Elf:3    | Identified the +7 shortbow of Zuev {venom, Contam Fly rElec
                  | rPois Int+7}
 53524 | Vaults:1 | Reached skill level 1 in Earth Magic
 55379 | Vaults:1 | Reached skill level 5 in Earth Magic
 55719 | Vaults:1 | Reached skill level 10 in Shields
 56388 | Vaults:2 | Noticed Xtahua
 56755 | Vaults:2 | Learned a level 6 spell: Iron Shot
 56844 | Vaults:2 | Killed Xtahua
 56963 | Vaults:2 | Reached XP level 20. HP: 159/165 MP: 29/43
 57099 | Vaults:2 | Noticed Mara
 57103 | Vaults:2 | Noticed Aelig's illusion
 57123 | Vaults:2 | Noticed Aelig's illusion
 57200 | Vaults:2 | Killed Mara
 57815 | Vaults:2 | Noticed Boris
 58208 | Vaults:2 | Killed Boris
 58652 | Vaults:3 | Identified the +5 chain mail of Cueprike {Harm}
 58998 | Vaults:3 | Reached skill level 15 in Spellcasting
 59139 | Vaults:3 | You are sucked into a shaft and drop 1 floor!
 59227 | Vaults:3 | Reached skill level 10 in Earth Magic
 59827 | Vaults:3 | Noticed Boris
 59835 | Vaults:3 | Killed Boris
 59836 | Vaults:3 | Reached skill level 1 in Summonings
 60021 | Vaults:3 | Noticed Bai Suzhen
 60039 | Vaults:3 | Killed Bai Suzhen
 60275 | Vaults:3 | Found a staircase to the Crypt.
 61545 | Vaults:4 | Reached skill level 12 in Fighting
 61586 | Vaults:4 | Identified a scroll of acquirement
 61659 | Vaults:4 | Reached XP level 21. HP: 160/174 MP: 46/46
 61786 | Vaults:4 | Identified the +0 buckler of Going Fast {Rampage rN+}
 62303 | D:14     | Acquired the amulet "Vewneulul" {Regen+ SInv}
 62487 | Slime:1  | Entered Level 1 of the Pits of Slime
 62762 | Slime:2  | Reached skill level 5 in Summonings
 62912 | Slime:2  | Reached skill level 15 in Conjurations
 64164 | Slime:4  | Noticed Dissolution
 64177 | Slime:4  | Killed Dissolution
 64780 | Slime:5  | Entered Level 5 of the Pits of Slime
 64919 | Slime:5  | Noticed the Royal Jelly
 65265 | Slime:5  | Killed the Royal Jelly
 65385 | Slime:5  | Identified the ring of Kugoem {rN+ Will+ MP-9 AC+4}
 65401 | Slime:5  | Identified the +1 hand crossbow of Bloody Death {speed,
                  | rElec rF+ Dex+2 Stlth+}
 65403 | Slime:5  | Got a slimy rune of Zot
 65467 | Slime:5  | Identified the amulet of Tepuah {Spirit Regen+ Int+2}
 65475 | Slime:5  | Got the Collected Works on Captivating Black Rites
 66426 | Depths:1 | Identified the ring of the Past {Dex+6 Stlth+}
 66437 | Depths:1 | Identified the +6 arbalest of the Enchanting Goat {elec,
                  | Int+7}
 66560 | Depths:1 | Found a gateway to Hell.
 66643 | Depths:1 | Found Dismyug's Book Boutique.
 66643 | Depths:1 | Found Metoce's Distillery.
 66661 | Depths:1 | Bought a potion of heal wounds for 115 gold pieces
 66661 | Depths:1 | Bought 2 potions of magic for 368 gold pieces
 66661 | Depths:1 | Bought a potion of resistance for 230 gold pieces
 66661 | Depths:1 | Bought a potion of curing for 69 gold pieces
 66661 | Depths:1 | Bought a potion of heal wounds for 115 gold pieces
 66661 | Depths:1 | Bought a potion of brilliance for 92 gold pieces
 66811 | Depths:1 | Reached XP level 22. HP: 179/181 MP: 37/48
 66820 | Depths:1 | Learned a level 7 spell: Spellforged Servitor
 66959 | Depths:1 | Reached skill level 10 in Summonings
 67631 | Depths:2 | Found a one-way gate leading to the halls of Pandemonium.
 67811 | Depths:2 | You are sucked into a shaft and drop 2 floors!
 67811 | Depths:4 | Entered Level 4 of the Depths
 68216 | Depths:4 | Identified the +4 battleaxe of Boll {antimagic, Will+ rCorr
                  | Int+5}
 68386 | Depths:4 | Found Nutteut's Armour Shoppe.
 68391 | Depths:4 | Found Xonweky's Weapon Shoppe.
 68462 | Depths:4 | Identified the ring "Qironemm" {rPois Dex+3 Stlth+}
 68586 | Depths:4 | Found a gate to the Realm of Zot.
 69440 | Depths:4 | Noticed Boris
 69447 | Depths:4 | Killed Boris
 69501 | Depths:3 | Found a one-way gateway to a ziggurat.
 69963 | Depths:3 | Found a one-way gate to the infinite horrors of the Abyss.
 71004 | Depths:3 | Identified the +8 hand axe of Obsession {venom, rN+ Will+}
 71233 | Depths:2 | Found Big Baal Hell's Store.
 71487 | Depths:2 | Reached XP level 23. HP: 185/188 MP: 42/49
 71959 | Depths:2 | Noticed a juggernaut
 71976 | Depths:2 | Killed a juggernaut
 72116 | Depths:2 | Identified the +10 arbalest of Poverty {elec, rF++ Will+
                  | Str+2}
 72121 | Depths:2 | Identified the +6 triple sword of the Pharaoh's Fist
                  | {antimagic, rF+ Int+2}
 72123 | Depths:2 | Identified the +4 trident of Eternal War {pain, Drain Will+
                  | Str-4 Dex+8}
 72385 | Zot:1    | Entered Level 1 of the Realm of Zot
 72995 | Zot:1    | Noticed an orb of fire
 72999 | Zot:1    | Gained mutation: You sometimes lose the ability to read
                  | scrolls when taking damage. [an orb of fire]
 73000 | Zot:1    | Killed an orb of fire
 73012 | Zot:1    | Lost mutation: You sometimes lose the ability to read
                  | scrolls when taking damage. [potion of mutation]
 73012 | Zot:1    | Gained mutation: You are frail. (-10% HP) [potion of
                  | mutation]
 73012 | Zot:1    | Gained mutation: You are strong-willed. (Will+) [potion of
                  | mutation]
 73071 | Zot:1    | Reached skill level 15 in Earth Magic
 73492 | Zot:1    | Found a transporter.
 73531 | Zot:1    | Found a transporter.
 73593 | Zot:1    | Noticed Vv
 73599 | Zot:1    | Killed Vv
 75459 | Zot:2    | Identified the +1 chain mail of Gaxzepuk {rN+ Str+4}
 75533 | Zot:2    | Noticed a Killer Klown
 75553 | Zot:2    | Killed a Killer Klown
 75788 | Zot:2    | Reached skill level 10 in Armour
 76052 | Zot:2    | Reached skill level 13 in Fighting
 76106 | Zot:2    | Identified the +9 quarterstaff of Devotion {holy, Str+6
                  | Dex-4}
 77996 | Zot:3    | Reached XP level 24. HP: 170/171 MP: 42/50
 79527 | Zot:4    | Reached skill level 14 in Fighting
 79860 | Zot:5    | Entered Level 5 of the Realm of Zot
 79947 | Zot:5    | Noticed an orb of fire
 80479 | Zot:5    | Reached skill level 15 in Fighting
 80672 | Zot:5    | Noticed a dread lich
 80686 | Zot:5    | Killed a dread lich
 80688 | Zot:5    | Gained mutation: You have hidden genetic defects.
                  | [mutagenic glow]
 80698 | Zot:5    | Gained mutation: You sometimes lose the ability to read
                  | scrolls when taking damage. [mutagenic glow]
 80706 | Zot:5    | Noticed a Killer Klown
 80712 | Zot:5    | Killed a Killer Klown
 80795 | Zot:5    | Noticed an orb of fire
 80802 | Zot:5    | Killed an orb of fire
 80809 | Zot:5    | Noticed an orb of fire
 80814 | Zot:5    | Killed an orb of fire
 80916 | Zot:4    | Lost mutation: You sometimes lose the ability to read
                  | scrolls when taking damage. [potion of mutation]
 80916 | Zot:4    | Lost mutation: You are strong-willed. (Will+) [potion of
                  | mutation]
 80916 | Zot:4    | Gained mutation: You have a pair of small antennae on your
                  | head. [potion of mutation]
 80916 | Zot:4    | Gained mutation: You are clumsy. (Dex -2) [potion of
                  | mutation]
 80916 | Zot:4    | Gained mutation: You are weak. (Str -2) [potion of
                  | mutation]
 80916 | Zot:4    | Gained mutation: You have a pair of antennae on your head.
                  | [potion of mutation]
 80917 | Zot:4    | Lost mutation: You have a pair of antennae on your head.
                  | [potion of mutation]
 80917 | Zot:4    | Lost mutation: You have hidden genetic defects. [potion of
                  | mutation]
 80917 | Zot:4    | Lost mutation: You have a pair of small antennae on your
                  | head. [potion of mutation]
 81189 | Zot:5    | Noticed a dread lich
 81215 | Zot:5    | Killed a dread lich
 81216 | Zot:5    | Reached skill level 16 in Fighting
 81324 | Zot:5    | Paralysed by a Zot trap for 5 turns
 81327 | Zot:5    | Noticed a Killer Klown
 81336 | Zot:5    | Noticed an orb of fire
 81337 | Zot:5    | Gained mutation: Your spells are a little easier to cast,
                  | but a little less powerful. [an orb of fire]
 81377 | Zot:5    | Gained mutation: Your body sometimes deteriorates upon
                  | taking damage. [an orb of fire]
 81378 | Zot:5    | Killed an orb of fire
 81449 | Zot:5    | Killed a Killer Klown
 81472 | Zot:4    | Lost mutation: You are clumsy. (Dex -2) [potion of
                  | mutation]
 81472 | Zot:4    | Lost mutation: Your body sometimes deteriorates upon taking
                  | damage. [potion of mutation]
 81472 | Zot:4    | Lost mutation: You are weak. (Str -2) [potion of mutation]
 81472 | Zot:4    | Gained mutation: You expend magic power (3 MP) to
                  | strengthen your wands. [potion of mutation]
 81472 | Zot:4    | Gained mutation: You have a considerably increased
                  | reservoir of magic. (+20% MP) [potion of mutation]
 81608 | Zot:5    | Noticed a dread lich
 81613 | Zot:5    | Killed a dread lich
 81735 | Zot:5    | Noticed an orb of fire
 81739 | Zot:5    | Killed an orb of fire
 81825 | Zot:5    | Reached skill level 17 in Fighting
 81826 | Zot:5    | Noticed a Killer Klown
 81834 | Zot:5    | Killed a Killer Klown
 81845 | Zot:5    | Noticed an orb of fire
 81845 | Zot:5    | Noticed an orb of fire
 81850 | Zot:5    | Killed an orb of fire
 81853 | Zot:5    | Killed an orb of fire
 81854 | Zot:5    | Reached XP level 25. HP: 129/200 MP: 10/56
 81929 | Zot:5    | Noticed a dread lich
 81937 | Zot:5    | Killed a dread lich
 82065 | Zot:5    | Reached skill level 18 in Fighting
 82143 | Zot:5    | Found the +4 dragonskin cloak
 82143 | Zot:5    | Noticed Tiamat
 82250 | Zot:4    | Learned a level 8 spell: Lehudib's Crystal Spear
 83078 | Zot:5    | Killed Tiamat
 83231 | Zot:5    | Got the Orb of Zot
 83269 | Zot:5    | Noticed Cyol the pandemonium lord
 83271 | Zot:5    | Lost mutation: You have a considerably increased reservoir
                  | of magic. (+20% MP) [a neqoxec]
 83539 | Depths:2 | Noticed Haloigod the pandemonium lord
 83544 | Depths:2 | Noticed Xid Fuilo the pandemonium lord
 83553 | Depths:1 | Noticed Emaloicziq the pandemonium lord
 83571 | Depths:1 | Reached skill level 19 in Fighting
 83585 | Depths:1 | Killed Xid Fuilo the pandemonium lord
 83848 | D:4      | Gained mutation: You have a pair of small horns on your
                  | head. [a cacodemon]
 83938 | D:$      | Escaped with the Orb!

Illustrated notes

Levels and vault maps discovered:
D:1:      dpeg_arrival_rhombi, layout_basic,
          hellmonk_ecumenical_altar_watching_god, minmay_misc_feat_x
D:2:      layout_loops_ring, basic_altar, serial_shops, shop,
          hangedman_decor_points, uniq_robin
D:3:      corexii_shack_village, layout_loops_corners, marbit_many_paths
D:4:      layout_cave_pools, nicolae_overflow_crystal_walls,
          lemuel_doored_altar, minmay_temple_entry_sparse_star,
          corexii_leaking_fountain, hangedman_abyss_or_decor_lesser_grid,
          grunt_ministairs_12
D:5:      layout_layer_cave, mainiacjoe_overflow_brackets, bh_walls_and_bars
D:6:      layout_loops_ring, xom_teletrap_fun, mainiacjoe_overflow_boulevard,
          mainiacjoe_overflow_two_lobes
D:7:      layout_cave_pools, overflow_temple_1_default,
          gammafunk_ghost_necromancy
D:8:      layout_cave_pools, serial_gnoll_camp, gnoll_camp_mini_hut,
          gnoll_camp_mini_shop, gnoll_camp_medium_01, gnoll_camp_huts_basic,
          gnoll_camp_mini_doghouse, uniq_prince_ribbit1
D:9:      cheibrodos_steamvent, layout_basic
D:10:     layout_big_octagon, dancing_weapons_uskayaw, lair_entry_dummy
D:11:     layout_roguey, serial_shops, nicolae_shop_trees, nicolae_square_shop,
          nicolae_shop_hallway_stairs, guppyfry_shop_venom, uniq_snorg,
          uniq_maurice, uniq_amaemon
D:12:     layout_loops_corners, chequers_serial_rivers_marsh, fungi_pond_lemuel,
          drop_trap, hellmonk_bongcloud_opening, onia_ninara_cookie, uniq_kirke,
          uniq_nergalle
D:13:     layout_basic, uniq_nessos, uniq_sonja
D:14:     layout_irregular_city, david_vaults_3, uniq_rupert, uniq_frances
D:15:     hangedman_depths_entry_try_elsewhere_first, layout_gridville,
          hangedman_abyss_or_decor_slice
Lair:1:   layout_chaotic_city, serial_bayou_pond_c
Lair:2:   layout_cave_pods, shoals_dummy_entry, serial_bayou_shore_a,
          grunt_megastairs_1, infiniplex_staircase_pool_2, uniq_urug,
          uniq_gastronok
Lair:3:   layout_misc_corridors
Lair:4:   layout_cellular_growth, nicolae_spider_entry_non_spiders,
          nicolae_lair_run_with_the_wolves, lemuel_fruit_fields
Lair:5:   layout_big_grid, nicolae_slime_entry_slimehenge, lookout_lair_type,
          beast_lair_carwin_4, infiniplex_staircase_pool, serial_bayou_shore_b,
          grunt_megastairs_3
Lair:6:   hangedman_lair_in_review, layout_concentric_octagons
Shoals:1: nicolae_shoals_lighthouse, layout_shoals
Shoals:2: layout_shoals, nicolae_shoals_goliath_grotto, uniq_nikola
Shoals:3: layout_shoals, ebering_ghost_davey_jones, uniq_ilsuiw
Shoals:4: shoals_end_simple, layout_shoals, shoals_ilsuiw_ice,
          nicolae_shoals_lost_giant_pillars, nicolae_shoals_seven_spires,
          uniq_polyphemus
Spider:1: layout_spider_delve
Spider:2: layout_spider_delve, uniq_roxanne, uniq_arachne
Spider:3: layout_spider_delve
Spider:4: johnstein_spider_rune_arachne_lair,
          portal_ice_cave_entry_pillars_three, drop_trap
Slime:1:  layout_caves
Slime:2:  layout_caves
Slime:3:  layout_caves
Slime:4:  layout_caves, nicolae_slime_phagocytosis, uniq_dissolution
Slime:5
Orc:1:    gammafunk_beogh_shrine, layout_caves, uniq_fannar, uniq_erolcha
Orc:2:    st_orc_pillars, layout_caves, special_room, serial_shops,
          nicolae_shop_advertising_works [nicolae_subvault_shop_adworks], shop,
          nicolae_shop_trees, shop, basic_altar, nicolae_shop_clearance
Elf:1:    layout_onion_city, serial_shops, nicolae_diamond_shop, enter_trove_1,
          hangedman_elf_represent, due_unseen_surprise, uniq_azrael,
          uniq_zenata, uniq_jorgrun
Elf:2:    nicolae_elf_blades_crystal_corner, layout_gridlike, minmay_shop_grove
Elf:3:    minmay_elf_hall_spiked, layout_geoelf_diagonals
Vaults:1: v_alt_pattern_3, ontoclasm_vaults_eye, v_misc_11,
          nicolae_vaults_rhombus_6, ontoclasm_vaults_chip,
          vaults_room_door_hall, v_alt_pattern_6, dpeg_vaults_monster_box,
          nicolae_vaults_asterisk, layout_vaults_omnigrid
Vaults:2: vaults_room_glass_cross, nicolae_vaults_arrows,
          nicolae_vaults_little_squares_1, vaults_room_stairs_pillars,
          vaults_mumra_hexcomb, v_misc_17, vaults_room_boxed,
          nicolae_vaults_little_squares_6, hangedman_vaults_hat,
          vaults_room_stairs_pillars, ontoclasm_vaults_decontamination,
          layout_vaults_chaotic_city, uniq_boris, uniq_xtahua, uniq_mara
Vaults:3: hangedman_vaults_unwind, minmay_crypt_entry_simple_box,
          vaults_mumra_minichess_inversion, ontoclasm_vaults_shuriken,
          v_misc_16, v_rooms_4, hangedman_vaults_snaps, grunt_vaults_focal,
          v_alt_pattern_4, ontoclasm_vaults_gateway, vaults_room_corners,
          hangedman_vaults_stagger, ontoclasm_vaults_ring_small,
          ontoclasm_vaults_loading_screen, layout_vaults_maze_bifur,
          uniq_bai_suzhen
Vaults:4: grunt_vaults_twisty, vaults_mumra_chevron_long,
          nicolae_vaults_mini_display_case, ontoclasm_vaults_misaligned,
          ontoclasm_vaults_claustrophobia, v_misc_3, v_misc_19,
          vaults_dpeg_cross, nicolae_vaults_little_squares_2,
          vaults_room_hallway, layout_vaults_omnibox
Depths:1: layout_cave_shapes, nicolae_sextant, hangedman_tar_grid_catacomb,
          minmay_evil_grid, grunt_megastairs_2, minmay_shoptagon
Depths:2: giant_chief_lemuel, layout_cave_pools, pan_entry,
          nicolae_hell_entry_big_baal_hell
Depths:3: minmay_the_grid_triangle_9x9_line_8_mashed
          [minmay_the_grid_triangle_9x9_warning,
          minmay_the_grid_triangle_9x9_descending_squares,
          minmay_the_grid_triangle_9x9_thin_v,
          minmay_the_grid_triangle_9x9_odd_lines,
          minmay_the_grid_triangle_9x9_minimal,
          minmay_the_grid_triangle_9x9_alien,
          minmay_the_grid_triangle_9x9_shrine,
          minmay_the_grid_triangle_9x9_prize_insulated], layout_cave_pools,
          enter_ziggurat_c, grunt_pan_entry_spiral, abyss_entry, hell_entry
Depths:4: grunt_zot_entry_alcove, layout_honeycomb, hell_entry,
          minmay_shop_star, grunt_megastairs_4
Zot:1:    gammafunk_dig_for_victory, layout_basic, grunt_ministairs_9,
          zot_minivault_1, uniq_vv
Zot:2:    layout_cathedral_of_symmetry
Zot:3:    layout_concentric_octagons
Zot:4:    layout_onion, nicolae_zot_crop_circle
Zot:5:    layout_basic, nrook_zot_tub, uniq_tiamat

Skill      XL: |  1  2  3  4  5  6  7  8  9 10 11 12 13 14 15 16 17 18 19 20 21 22 23 24 25 |
---------------+----------------------------------------------------------------------------+-----
Spellcasting   | 2 3 4 5 6 7 10 12 13 14 15 16 17 18 | 18.0
Conjurations   | 4 5 6 7 8 9 10 12 13 14 16 18 | 18.0
Hexes          | 1 3 4 5 7 8 9 10 | 10.0
Necromancy     | 4 |  4.0
Slings         | 3 7 8 9 10 | 10.0
Air Magic      | 6 7 10 12 | 12.6
Fighting       | 5 7 8 9 10 11 12 13 17 19 | 19.2
Dodging        | 4 6 |  6.0
Translocations | 3 4 |  4.0
Armour         | 4 6 12 14 | 14.0
Transmutations | 3 6 7 8 9 10 11 | 11.0
Fire Magic     | 4 |  4.0
Poison Magic   | 4 5 8 9 |  9.0
Long Blades    | 2 6 |  6.0
Evocations     | 4 |  4.0
Shields        | 3 7 10 | 10.0
Earth Magic    | 7 10 13 15 | 15.0
Summonings     | 4 9 10 | 10.0
Stealth        | |  1.7

Action                   |  1- 3 |  4- 6 |  7- 9 | 10-12 | 13-15 | 16-18 | 19-21 | 22-24 | 25-27 || total
-------------------------+-------+-------+-------+-------+-------+-------+-------+-------+-------++-------
Melee: Short sword       |    20 |       |       |       |       |       |       |       |       ||    20
       Staff             |       |       |       |       |    10 |       |       |       |       ||    10
       Falchion          |       |       |       |       |       |   122 |   249 |    48 |     1 ||   420
 Fire: Hunting sling     |    14 |    50 |    90 |   174 |   557 |   123 |       |       |       ||  1008
 Cast: Magic Dart        |    88 |    76 |   142 |    25 |     3 |     3 |       |       |       ||   337
       Searing Ray       |     2 |    16 |    30 |    51 |    32 |     1 |       |       |       ||   132
       Fulminant Prism   |       |     1 |    33 |   151 |   339 |   433 |   292 |    32 |     4 ||  1285
       Sublimation of Bl |       |       |     5 |     7 |       |       |       |       |       ||    12
       Lightning Bolt    |       |       |       |     9 |   194 |   160 |    41 |     3 |       ||   407
       Blink             |       |       |       |       |    17 |    14 |     5 |    14 |    24 ||    74
       Mephitic Cloud    |       |       |       |       |    69 |    96 |    78 |    24 |       ||   267
       Ignite Poison     |       |       |       |       |    17 |    76 |    96 |    47 |     2 ||   238
       Swiftness         |       |       |       |       |     5 |    11 |     5 |     6 |     2 ||    29
       Cause Fear        |       |       |       |       |     3 |    21 |    26 |    12 |       ||    62
       Eringya's Noxious |       |       |       |       |       |   124 |    80 |    61 |     1 ||   266
       Irradiate         |       |       |       |       |       |    23 |    32 |     3 |       ||    58
       Yara's Violent Un |       |       |       |       |       |     5 |    14 |    21 |     8 ||    48
       Iron Shot         |       |       |       |       |       |       |   212 |   464 |    53 ||   729
       Spellforged Servi |       |       |       |       |       |       |       |   149 |    24 ||   173
       Lehudib's Crystal |       |       |       |       |       |       |       |       |     8 ||     8
Evoke: Wand              |       |       |       |       |     3 |     7 |       |     5 |       ||    15
  Use: Scroll            |     9 |       |     3 |    12 |    23 |     7 |     6 |    18 |     3 ||    81
       Potion            |       |       |     1 |       |    11 |     6 |     9 |    15 |    10 ||    52
 Stab: Confused          |       |       |       |       |     2 |     6 |    15 |     1 |       ||    24
Armor: Robe              |     7 |    26 |    19 |    18 |       |       |       |       |       ||    70
       Steam dragon scal |       |       |       |    52 |   167 |    82 |       |       |       ||   301
       Leather armour    |       |       |       |       |       |    76 |   150 |    20 |       ||   246
       Ring mail         |       |       |       |       |       |       |       |    60 |    34 ||    94
Dodge: Dodged            |    27 |    38 |    40 |    90 |   344 |   348 |   169 |   111 |    25 ||  1192
Block: Kite shield       |       |       |       |       |       |    41 |   291 |   116 |    45 ||   493

Table legend: (Time is in decaauts)
 A = Elapsed time spent in this place.
 B = Non-inter-level travel time spent in this place.
 C = Inter-level travel time spent in this place.
 D = Time resting spent in this place.
 E = Time spent auto-exploring this place.
 F = Levels seen in this place.
 G = Mean time per level.
                   A        B        C        D        E       F      G
               +--------+--------+--------+--------+--------+-----+--------+
         Total |  84513 |  75468 |   9045 |  16151 |  21475 |  52 | 1625.2 |
       Dungeon |  23610 |  20113 |   3497 |   5042 |   7855 |  15 | 1574.0 |
          Lair |   9438 |   7482 |   1956 |   1423 |   2664 |   6 | 1573.0 |
        Shoals |   7719 |   7322 |    397 |   1367 |    940 |   4 | 1929.8 |
   Spider Nest |   7363 |   6595 |    768 |   1611 |   1386 |   4 | 1840.8 |
    Slime Pits |   3411 |   3183 |    228 |    814 |   1125 |   5 |  682.2 |
  Orcish Mines |   2156 |   1874 |    282 |    110 |    421 |   2 | 1078.0 |
   Elven Halls |   5792 |   5131 |    661 |    918 |    648 |   3 | 1930.7 |
        Vaults |   8184 |   7845 |    339 |   1328 |   2319 |   4 | 2046.0 |
        Depths |   6806 |   6291 |    515 |   1124 |   2287 |   4 | 1701.5 |
           Zot |  10030 |   9631 |    399 |   2411 |   1830 |   5 | 2006.0 |
               +--------+--------+--------+--------+--------+-----+--------+

Top non-repeatable levels by time:
   Zot:5: 3180 daAuts
Shoals:1: 2768 daAuts
   Zot:2: 2523 daAuts
Spider:3: 2486 daAuts
   Elf:3: 2415 daAuts
  Lair:4: 2370 daAuts
Vaults:1: 2330 daAuts
Vaults:2: 2258 daAuts
Depths:4: 2195 daAuts
     D:9: 1993 daAuts
   Zot:1: 1992 daAuts
  Lair:2: 1963 daAuts
Spider:2: 1945 daAuts
     D:5: 1916 daAuts
Vaults:3: 1904 daAuts
